[Event "Titled Tuesday Blitz June 13 Late 2023"]
[White "Zhukov, Maksim"]
[Black "Kovalevsky, Stanislav"]
[WhiteFideId "34181790"]
[BlackFideId "13508598"]
[WhiteElo "1925"]
[BlackElo "2112"]
[Result "1/2-1/2"]
[Round "4"]
[TimeControl "180+2"]
[Date "2023.06.13"]
[WhiteClock "0:00:22"]
[BlackClock "0:00:05"]
[Board "166"]

1. e4 e6 2. d4 d5 3. Nd2 dxe4 4. Nxe4 Nf6 5. Bd3 Bd7 6. Nf3 Bc6 7. Neg5 h6 8. Nxe6 fxe6 9. Bg6+ Ke7 10. c4 Bxf3 11. gxf3 Nc6 12. b3 Qxd4 13. Ba3+ Kd7 14. Bb2 Bb4+ 15. Ke2 Qxd1+ 16. Raxd1+ Kc8 17. a3 Bd6 18. b4 a6 19. Rhe1 Be5 20. Bc1 Rd8 21. Bf7 Nd4+ 22. Kf1 Bxh2 23. f4 c6 24. Kg2 Kc7 25. Bb2 Bxf4 26. Bxd4 e5 27. Bxe5+ Bxe5 28. Rxd8 Rxd8 29. Rxe5 Rd3 30. Bg6 Rxa3 31. Re7+ Kb6 32. Rxg7 Rb3 33. Rf7 Ng4 34. c5+ Ka7 35. Rf4 Ne5 36. Bh7 h5 37. Rh4 Nd3 38. Bxd3 Rxd3 39. Rxh5 Rd4 40. Kg3 Rxb4 41. f4 Rc4 42. Re5 a5 43. f5 Rc1 44. f6 Rf1 45. Re6 a4 46. Kg2 Rf5 47. Re4 Rxf6 48. Rxa4+ Kb8 49. Kg3 Kc7 50. Rc4 Rf7 51. Kg4 Kd7 52. Rc1 Ke6 53. Rd1 Ke5 54. Rd2 Rg7+ 55. Kf3 Rf7+ 56. Ke3 Rf4 57. Rd7 Rb4 58. Kd2 Rb5 59. Kd3 Rxc5 60. Rxb7 Ra5 61. Rc7 Kd6 62. Rh7 Ra3+ 63. Kc2 Rg3 64. Rh5 c5 65. Kd2 Kc6 66. Kc2 Kb5 67. Rh2 Kc4 68. Rh4+ Kb5 69. Rf4 c4 70. Rf8 Rg2+ 71. Kc1 Kb4 72. Rf3 Re2 73. Rh3 Ra2 74. Rg3 Rh2 75. Rf3 Rg2 76. Rh3 Kc5 77. Rf3 Kd4 78. Rh3 c3 79. Rh8 Rg4 80. Rd8+ Ke3 81. Kc2 Rg2+ 82. Kxc3 Ke4 83. Re8+ Kd5 84. Rd8+ Kc5 85. Rc8+ Kd5 86. Rd8+ Kc5 87. Rc8+ Kd5 88. Rd8+ 1/2-1/2


[Site "https://www.chess.com"]

[Event "Titled Tuesday Blitz June 13 Late 2023"]
[White "Ansh M Shah"]
[Black "Ward, Ieuan C"]
[WhiteFideId "25033379"]
[BlackFideId "406627"]
[WhiteElo "2084"]
[BlackElo "2286"]
[Result "1-0"]
[Round "4"]
[TimeControl "180+2"]
[Date "2023.06.13"]
[WhiteClock "0:00:49"]
[BlackClock "0:00:05"]
[Board "167"]

1. d4 Nf6 2. c4 e6 3. g3 d5 4. Bg2 Be7 5. Nf3 O-O 6. O-O dxc4 7. Qc2 a6 8. a4 Bd7 9. Qxc4 Bc6 10. Bg5 Nbd7 11. Nc3 h6 12. Bxf6 Bxf6 13. Rfd1 Nb6 14. Qb3 Nd5 15. e3 Nxc3 16. bxc3 Qd5 17. c4 Qa5 18. Ra2 Rfd8 19. Nd2 Bxg2 20. Kxg2 Rab8 21. c5 b5 22. axb5 Qxb5 23. Qc4 c6 24. Rxa6 e5 25. Qxb5 Rxb5 26. Rxc6 exd4 27. Ne4 d3 28. Nxf6+ gxf6 29. Rd6 Rxd6 30. cxd6 Rd5 31. e4 Rxd6 32. Kf3 Kg7 33. Ke3 Re6 34. g4 Kg6 35. Rxd3 h5 36. h3 hxg4 37. hxg4 Kg5 38. f3 Ra6 39. Rd5+ Kg6 40. Kf4 Ra4 41. Rd8 Kg7 42. Rd5 Kg6 43. Rb5 Rc4 44. Rb6 Kg7 45. Kf5 Rc5+ 46. Kf4 Rc4 47. Kg3 Rc3 48. Rb5 Rc4 49. Rh5 Rb4 50. Rh2 Ra4 51. Rd2 Rb4 52. Rd5 Ra4 53. Kf4 Rb4 54. g5 fxg5+ 55. Rxg5+ Kf6 56. Rf5+ Ke7 57. Kg5 Rb3 58. Re5+ Kd6 59. f4 Rc3 60. Kf6 Rf3 61. Rd5+ Kc6 62. Rf5 Re3 63. e5 Kd5 64. Kxf7 Ke4 65. Rf6 Rf3 66. e6 Kd5 67. e7 Re3 68. e8=Q 1-0


[Site "https://www.chess.com"]

[Event "Titled Tuesday Blitz June 13 Late 2023"]
[White "Melikhov, Evgeny V."]
[Black "Rodriguez Polo, Mateo"]
[WhiteFideId "4122046"]
[BlackFideId "24509396"]
[WhiteElo "2158"]
[BlackElo "2117"]
[Result "1-0"]
[Round "4"]
[TimeControl "180+2"]
[Date "2023.06.13"]
[WhiteClock "0:00:15"]
[BlackClock "0:01:39"]
[Board "168"]

1. d4 Nf6 2. c4 e6 3. Nc3 Bb4 4. Qc2 O-O 5. e4 d5 6. e5 Ne4 7. Nf3 c5 8. Bd3 cxd4 9. Nxd4 Nd7 10. Bf4 Ndc5 11. O-O Nxd3 12. Qxd3 Nxc3 13. bxc3 Be7 14. cxd5 exd5 15. Nf5 Bxf5 16. Qxf5 Rc8 17. Rac1 Qa5 18. e6 Bf6 19. exf7+ Kxf7 20. c4 Qxa2 21. cxd5 Rxc1 22. Qe6+ Kg6 23. Rxc1 Qb2 24. h3 h6 25. Qe4+ Kf7 26. Qe6+ Kg6 27. Qe4+ Kf7 28. d6 Re8 29. Qd5+ Kf8 30. d7 Rd8 31. Rc8 Qb1+ 32. Kh2 Qb6 33. Bd6+ Be7 34. Rxd8+ Qxd8 35. Qf5+ Kg8 36. Qe6+ Kf8 37. Qxe7+ Qxe7 38. d8=Q+ 1-0


[Site "https://www.chess.com"]

[Event "Titled Tuesday Blitz June 13 Late 2023"]
[White "Cardozo Munar, Carlos Eduardo"]
[Black "Almedina Ortiz, Edgardo J."]
[WhiteFideId "4409477"]
[BlackFideId "3100197"]
[WhiteElo "2067"]
[BlackElo "2217"]
[Result "0-1"]
[Round "4"]
[TimeControl "180+2"]
[Date "2023.06.13"]
[WhiteClock "0:00:00"]
[BlackClock "0:00:02"]
[Board "169"]

1. d4 Nf6 2. Bg5 d5 3. e3 Ne4 4. Bh4 c5 5. Nd2 Bf5 6. c3 Qb6 7. Qb3 e6 8. Ngf3 Nc6 9. Be2 Bd6 10. O-O O-O 11. Qxb6 axb6 12. a3 f6 13. Bg3 Nxg3 14. hxg3 Rfd8 15. Rac1 e5 16. Nh4 Be6 17. dxe5 fxe5 18. c4 d4 19. Ne4 Bf8 20. exd4 exd4 21. Ng5 Bd7 22. Bd3 g6 23. Nhf3 Bh6 24. Rce1 Re8 25. Re2 Rxe2 26. Bxe2 Bf5 27. Nh3 Re8 28. Bd1 Bd3 29. Re1 Rxe1+ 30. Nxe1 Bxc4 31. Nf4 Bf7 32. Ned3 Bg7 33. Bf3 c4 34. Nc1 d3 35. Nfxd3 cxd3 36. Nxd3 b5 37. b4 Bc4 38. Nc5 Nd4 39. Bxb7 Nc2 40. a4 bxa4 41. Nxa4 Nxb4 42. Nb6 Bb3 43. Bf3 Bd4 44. Nc8 Bc5 45. Bb7 Nd3 46. Kf1 Bc4 47. Ke2 Nxf2+ 48. Kf3 Nd1 49. g4 Be6 50. g5 Nb2 51. Ke4 Kf7 52. Ke5 Nd3+ 53. Ke4 Nb4 54. g3 Ke8 55. Ke5 Bd7 56. Nd6+ Bxd6+ 57. Kxd6 Nd3 58. Be4 Nf2 59. Bc2 Bc8 60. Ke5 Kf7 0-1


[Site "https://www.chess.com"]

[Event "Titled Tuesday Blitz June 13 Late 2023"]
[White "rionelG"]
[Black "Harriott, Tyrell"]
[BlackFideId "2086484"]
[WhiteElo "2211"]
[BlackElo "2098"]
[Result "1/2-1/2"]
[Round "4"]
[TimeControl "180+2"]
[Date "2023.06.13"]
[WhiteClock "0:00:05"]
[BlackClock "0:00:37"]
[Board "170"]

1. e4 d5 2. exd5 Nf6 3. d4 Qxd5 4. Nc3 Qa5 5. Bc4 c6 6. Bd2 Bf5 7. Qe2 Nbd7 8. f3 e6 9. g4 Bg6 10. h4 h5 11. g5 Ng8 12. O-O-O O-O-O 13. Nh3 Bb4 14. Nf4 Bf5 15. a3 Bxa3 16. bxa3 Qxa3+ 17. Kb1 Nb6 18. Na2 Rxd4 19. Bb4 Rxd1+ 20. Rxd1 Qa4 21. Bd3 g6 22. Bxf5 gxf5 23. Qd3 Ne7 24. Bxe7 Qxf4 25. Qa3 Re8 26. Bd6 Qa4 27. Qxa4 Nxa4 28. Be5 b5 29. Nc3 Nb6 30. Ne2 Nd5 31. Nf4 Nb6 32. Nxh5 Nd7 33. f4 Nxe5 34. fxe5 Rh8 35. Nf6 Rxh4 36. Rd7 Rh1+ 37. Kb2 Rg1 38. Rxa7 Rxg5 39. Ra8+ Kc7 40. Rf8 Kb6 41. Rxf7 Rg1 42. Re7 f4 43. Rxe6 f3 44. Ne4 Re1 45. Nd2 f2 46. Rf6 Re2 47. Nb3 b4 48. Nd4 Rd2 49. Nb3 Re2 50. Nd4 Re4 51. Nxc6 Kc5 52. Ne7 Rxe5 53. Nc8 Re8 54. Na7 Ra8 55. Nc6 Ra6 56. Rxf2 Rxc6 57. Rf5+ Kc4 58. Rf4+ Kb5 59. Kb3 Rc3+ 60. Kb2 Ka4 61. Rf5 Rh3 62. Rf8 Kb5 63. Rb8+ Kc5 64. Rc8+ Kb5 65. Rb8+ Ka5 66. Ra8+ Kb5 67. Rd8 Rh6 68. Rd5+ Kc4 69. Rd8 Rc6 70. Rf8 Rc5 71. Rf4+ Kb5 72. Kb3 Rc3+ 73. Kb2 Rg3 74. Rf8 Rg5 75. Rb8+ Ka4 76. Ra8+ Kb5 77. Rb8+ Kc4 78. Rc8+ Kd5 79. Kb3 Rg4 80. Rb8 Kc5 81. Rc8+ Kb5 82. Rb8+ Ka5 83. Ra8+ Kb5 84. Rb8+ Kc5 85. Rc8+ Kb5 86. Rb8+ 1/2-1/2


[Site "https://www.chess.com"]

[Event "Titled Tuesday Blitz June 13 Late 2023"]
[White "Cluke86"]
[Black "KorolDimitriy75"]
[WhiteElo "2207"]
[BlackElo "2413"]
[Result "0-1"]
[Round "4"]
[TimeControl "180+2"]
[Date "2023.06.13"]
[WhiteClock "0:00:07"]
[BlackClock "0:00:05"]
[Board "171"]

1. e4 c5 2. Nc3 g6 3. f4 Bg7 4. Nf3 Nc6 5. a4 e6 6. e5 d5 7. d4 cxd4 8. Nb5 Nge7 9. Nd6+ Kf8 10. Ng5 Nf5 11. Ngxf7 Qh4+ 12. Ke2 Nxd6 13. Nxd6 b6 14. Nxc8 Rxc8 15. Bd2 d3+ 16. Kxd3 Nxe5+ 17. Ke3 Ng4+ 18. Kf3 Nxh2+ 19. Ke2 Qg4+ 20. Ke3 Qg3+ 21. Ke2 Bxb2 22. Rb1 Bd4 23. Qe1 Qg4+ 24. Kd3 Nxf1 25. Rxf1 Bf6 26. g3 Qf5+ 27. Ke2 Rxc2 28. Rc1 Kg7 29. Rxc2 Qxc2 30. Qf2 Re8 31. Rc1 Qxa4 32. Rc7+ Re7 33. Rxe7+ Bxe7 34. Bc3+ Bf6 35. Bxf6+ Kxf6 36. Qe3 Qe4 0-1


[Site "https://www.chess.com"]

[Event "Titled Tuesday Blitz June 13 Late 2023"]
[White "Ferriz Barrios, Andres"]
[Black "Abduzhaparov"]
[WhiteFideId "5104467"]
[WhiteElo "2205"]
[BlackElo "2395"]
[Result "0-1"]
[Round "4"]
[TimeControl "180+2"]
[Date "2023.06.13"]
[WhiteClock "0:01:34"]
[BlackClock "0:01:23"]
[Board "172"]

1. g3 d6 2. Bg2 Nf6 3. Nf3 e5 4. O-O Be7 5. d3 h5 6. e4 Nc6 7. h4 Ng4 8. c3 Be6 9. d4 exd4 10. cxd4 Bc4 11. Re1 Ba6 12. a3 Qd7 13. b4 b6 14. Bb2 Bb7 15. Nbd2 O-O-O 16. Rc1 Bf6 17. Nc4 Kb8 18. b5 Ne7 19. Qb3 Ng6 20. d5 N6e5 21. Nfxe5 Nxe5 22. Nxe5 Bxe5 23. Bxe5 dxe5 24. a4 g5 25. hxg5 h4 26. f4 hxg3 27. f5 Rdg8 28. Qxg3 Qe7 29. f6 Qxf6 30. gxf6 Rxg3 31. Kf2 Rg6 32. Rh1 Rhg8 33. Bf3 Rxf6 34. Rh7 Bc8 35. Ke3 Rg3 36. Rf1 Bg4 37. Rh8+ Kb7 0-1


[Site "https://www.chess.com"]

[Event "Titled Tuesday Blitz June 13 Late 2023"]
[White "Mazurkiewicz, Michal"]
[Black "Novikova, Margarita"]
[WhiteFideId "1124943"]
[BlackFideId "14109689"]
[WhiteElo "2063"]
[BlackElo "2013"]
[Result "1-0"]
[Round "4"]
[TimeControl "180+2"]
[Date "2023.06.13"]
[WhiteClock "0:02:26"]
[BlackClock "0:01:14"]
[Board "173"]

1. e4 d5 2. exd5 Qxd5 3. d3 e5 4. Nc3 Qd8 5. g3 Nf6 6. Nf3 Bd6 7. Bg2 O-O 8. O-O Nc6 9. Re1 Re8 10. h3 a6 11. Ng5 h6 12. Nge4 Nxe4 13. Nxe4 Bb4 14. c3 Bf8 15. Be3 f5 16. Nc5 f4 17. Nxb7 Bxb7 18. Qb3+ Kh8 19. Qxb7 Na5 20. Qxa8 Qxa8 21. Bxa8 fxe3 22. Be4 exf2+ 23. Kxf2 Bc5+ 24. Ke2 1-0


[Site "https://www.chess.com"]

[Event "Titled Tuesday Blitz June 13 Late 2023"]
[White "Ochkoos, Jura"]
[Black "Fuentes Godoy, Lilia Ivonne"]
[WhiteFideId "2601214"]
[BlackFideId "5104130"]
[WhiteElo "2139"]
[BlackElo "2024"]
[Result "1-0"]
[Round "4"]
[TimeControl "180+2"]
[Date "2023.06.13"]
[WhiteClock "0:00:33"]
[BlackClock "0:00:00"]
[Board "174"]

1. e4 c5 2. Nf3 Nc6 3. d4 cxd4 4. Nxd4 e5 5. Nb5 a6 6. Nd6+ Bxd6 7. Qxd6 Qe7 8. Qd1 Nf6 9. Nc3 d6 10. Bg5 Be6 11. Bd3 O-O 12. O-O h6 13. Bh4 Nd4 14. Ne2 Nxe2+ 15. Qxe2 Rac8 16. Bg3 Nd7 17. f4 f6 18. b4 Rc3 19. Be1 Rc7 20. a3 Rfc8 21. Rd1 Nb6 22. fxe5 dxe5 23. Bf2 Na4 24. Rde1 b5 25. Qf3 Bc4 26. Qg4 Rd8 27. Re3 Bxd3 28. cxd3 Qd7 29. Qg6 Qf7 30. Qg3 Qa2 31. Rf3 Rc6 32. Be3 Kh7 33. d4 exd4 34. Bf4 Rc2 35. e5 d3 36. exf6 gxf6 37. Bxh6 Qg8 38. Qh3 Qxg2+ 39. Qxg2 Rxg2+ 40. Kxg2 Kxh6 41. Rg3 Rd6 42. Rd1 d2 43. Rb3 f5 44. Kf2 Kg5 45. Ke2 f4 46. Rxd2 Re6+ 47. Kf2 Nb6 48. Rd4 Kf5 49. Rf3 Re4 50. Rd6 Nc4 51. Rxa6 Nd2 52. Rd3 Nc4 53. Rd5+ Ne5 54. Rxb5 Rc4 55. Raa5 Rc2+ 56. Ke1 1-0


[Site "https://www.chess.com"]

[Event "Titled Tuesday Blitz June 13 Late 2023"]
[White "Fernandez Hernandez, Gerardo"]
[Black "el_sporco"]
[WhiteFideId "2207400"]
[WhiteElo "2179"]
[BlackElo "2369"]
[Result "1-0"]
[Round "4"]
[TimeControl "180+2"]
[Date "2023.06.13"]
[WhiteClock "0:00:53"]
[BlackClock "0:00:13"]
[Board "175"]

1. e4 c5 2. d3 g6 3. g3 Bg7 4. Bg2 d6 5. f4 Nc6 6. Nf3 e6 7. O-O Nge7 8. c3 O-O 9. Be3 f5 10. Nbd2 Rb8 11. exf5 gxf5 12. Bf2 b5 13. Re1 b4 14. Qc2 bxc3 15. bxc3 Qa5 16. Rac1 Nd5 17. Nc4 Qc7 18. Ng5 Nxc3 19. Nxe6 Bxe6 20. Rxe6 Nb4 21. Qd2 Nbxa2 22. Rce1 Nb4 23. Re7 Qxe7 24. Rxe7 Nbd5 25. Bxd5+ Nxd5 26. Rd7 Bc3 27. Qe2 Rfe8 28. Qh5 Bg7 29. Qf7+ 1-0


[Site "https://www.chess.com"]

[Event "Titled Tuesday Blitz June 13 Late 2023"]
[White "Sariego Figueredo, Wilfredo"]
[Black "Omariev, Maksim"]
[WhiteFideId "3500080"]
[BlackFideId "4193423"]
[WhiteElo "2309"]
[BlackElo "2347"]
[Result "1-0"]
[Round "4"]
[TimeControl "180+2"]
[Date "2023.06.13"]
[WhiteClock "0:00:29"]
[BlackClock "0:00:11"]
[Board "176"]

1. d4 h6 2. Bf4 g5 3. Bg3 Bg7 4. e4 d6 5. Nc3 Nc6 6. Bb5 Bd7 7. Bxc6 bxc6 8. Nge2 Rb8 9. Rb1 Nf6 10. h4 Nh5 11. hxg5 hxg5 12. Qd2 Nxg3 13. Rxh8+ Bxh8 14. Nxg3 e6 15. Qd1 Qf6 16. Nce2 c5 17. c3 cxd4 18. cxd4 c5 19. dxc5 dxc5 20. b3 Bc6 21. Qd6 Rc8 22. Qxc5 a6 23. Qb6 Bb5 24. Qe3 Qe5 25. Qd2 Bf6 26. a4 Bc6 27. f3 Be7 28. Kf1 a5 29. Qe3 Bc5 30. Qc3 Qxc3 31. Nxc3 Bd4 32. Nce2 Be5 33. Rd1 Bb7 34. Kf2 Ba6 35. Rc1 Rd8 36. Rc2 Ke7 37. Rc6 Rd6 38. Rc7+ Rd7 39. Rc6 Rd6 40. Rc5 Bf6 41. Rxa5 Bc8 42. Ra7+ Bd7 43. b4 Be5 44. b5 Rd2 45. b6 Bd4+ 46. Ke1 Bxb6 47. Rb7 Be3 48. Rb3 Bf4 49. Nxf4 Ra2 50. Nfe2 Rxa4 51. Rd3 Ra1+ 52. Kf2 Ra2 53. Rd1 f5 54. exf5 exf5 55. Kf1 Bb5 56. Re1 f4 57. Ne4 g4 58. Kf2 g3+ 59. Kf1 Ke6 60. Nc3 Bxe2+ 61. Rxe2+ Rxe2 62. Kxe2 Ke5 63. Kd3 Kf5 64. Ne2 Kg5 65. Ke4 Kh4 66. Kxf4 Kh5 67. Nxg3+ Kh4 68. Nf5+ Kh5 69. g4+ Kg6 70. g5 Kh5 71. Ng3+ Kg6 72. Kg4 Kf7 73. f4 Kg6 74. f5+ Kg7 75. Nh5+ Kf7 76. g6+ Ke7 77. Kg5 Kf8 78. f6 Kg8 79. Nf4 Kf8 80. Kh6 Ke8 81. g7 Kf7 82. Kh7 Kxf6 83. g8=Q Kf5 84. Qg6+ Kxf4 85. Qh5 Kg3 86. Kg6 Kf4 87. Qf5+ Ke3 88. Qg4 Kd3 89. Kf5 Ke3 90. Qe4+ Kd2 91. Qf3 Kc2 92. Ke4 Kd2 93. Qd3+ Kc1 94. Qe2 Kb1 95. Kd3 Ka1 96. Kc3 Kb1 97. Qb2# 1-0


[Site "https://www.chess.com"]

[Event "Titled Tuesday Blitz June 13 Late 2023"]
[White "Gerbelli Neto, Eduardo"]
[Black "LionKing2367890"]
[WhiteFideId "2103281"]
[WhiteElo "2178"]
[BlackElo "2142"]
[Result "1-0"]
[Round "4"]
[TimeControl "180+2"]
[Date "2023.06.13"]
[WhiteClock "0:02:07"]
[BlackClock "0:02:08"]
[Board "177"]

1. e4 e5 2. Nf3 Nc6 3. d4 exd4 4. Bc4 Nf6 5. e5 Ng4 6. Bf4 g5 7. Bxg5 Be7 8. Bf4 d5 9. exd6 Bxd6 10. Qe2+ Qe7 11. Bxd6 Qxe2+ 12. Bxe2 cxd6 13. Na3 Nge5 14. O-O-O Bf5 15. Nb5 O-O 16. Nfxd4 Nxd4 17. Rxd4 Rac8 18. c3 Rfe8 19. Nxd6 1-0


[Site "https://www.chess.com"]

[Event "Titled Tuesday Blitz June 13 Late 2023"]
[White "Sailer, Mike"]
[Black "Slovineanu, Viacheslav"]
[WhiteFideId "2012901"]
[BlackFideId "13900510"]
[WhiteElo "2109"]
[BlackElo "2312"]
[Result "0-1"]
[Round "4"]
[TimeControl "180+2"]
[Date "2023.06.13"]
[WhiteClock "0:00:00"]
[BlackClock "0:00:08"]
[Board "178"]

1. d4 Nf6 2. Bg5 e6 3. Nd2 h6 4. Bh4 d5 5. e3 c5 6. c3 Nbd7 7. Bd3 Bd6 8. f4 Qc7 9. Ngf3 b6 10. O-O Bb7 11. Ne5 Ne4 12. Nxe4 dxe4 13. Bb5 Bc8 14. Qa4 f6 15. Nc4 a6 16. Nxd6+ Qxd6 17. dxc5 Qxc5 18. Qxe4 Ra7 19. Qxe6+ Qe7 20. Qxb6 Rb7 21. Bxd7+ Qxd7 22. Qd4 Rxb2 23. Qxd7+ Kxd7 24. Rfd1+ Ke6 25. e4 Bb7 26. Rab1 Rxb1 27. Rxb1 Bxe4 28. Rb6+ Kf5 29. Rxa6 Rd8 30. Be1 Kxf4 31. Ra4 Rd1 32. Kf2 Rc1 33. Rd4 f5 34. a4 Ra1 35. Bd2+ Ke5 36. Rb4 Ra2 37. Ke2 Bxg2 38. Rb5+ Kf6 39. a5 f4 40. Rb6+ Kf5 41. Rb5+ Kg4 42. Kd3 g5 43. c4 Bf1+ 44. Kc3 Bxc4 45. Kxc4 Rxd2 46. a6 Ra2 47. Kb4 Rxa6 48. Kc4 Rf6 49. Rb2 f3 50. Kd3 f2 51. Ke2 f1=Q+ 0-1


[Site "https://www.chess.com"]

[Event "Titled Tuesday Blitz June 13 Late 2023"]
[White "Hartikainen, Jarmo"]
[Black "Kaufman, Raymond"]
[WhiteFideId "503134"]
[BlackFideId "2015056"]
[WhiteElo "2106"]
[BlackElo "2264"]
[Result "1-0"]
[Round "4"]
[TimeControl "180+2"]
[Date "2023.06.13"]
[WhiteClock "0:00:31"]
[BlackClock "0:00:00"]
[Board "180"]

1. e4 c5 2. c3 Nf6 3. e5 Nd5 4. d4 cxd4 5. Nf3 Nc6 6. cxd4 g6 7. Nc3 Nxc3 8. bxc3 Bg7 9. Bf4 e6 10. Qd2 Qa5 11. Bd3 b6 12. h4 h6 13. O-O Ba6 14. Rfe1 Bxd3 15. Qxd3 Rc8 16. Nd2 O-O 17. Ne4 Ne7 18. Nf6+ Bxf6 19. exf6 Nf5 20. g4 Rxc3 21. Qd2 Nxh4 22. Re3 Rfc8 23. Bxh6 Rc1+ 24. Rxc1 Qxd2 25. Rxc8+ Kh7 26. Bg7 Qd1+ 27. Kh2 1-0


[Site "https://www.chess.com"]

[Event "Titled Tuesday Blitz June 13 Late 2023"]
[White "Ricaurte Lopez, Juan Carlos"]
[Black "Kostiukov, Alexandr"]
[WhiteFideId "3600327"]
[BlackFideId "14108100"]
[WhiteElo "2200"]
[BlackElo "2202"]
[Result "0-1"]
[Round "4"]
[TimeControl "180+2"]
[Date "2023.06.13"]
[WhiteClock "0:00:00"]
[BlackClock "0:00:33"]
[Board "182"]

1. e4 c5 2. Nf3 g6 3. d4 cxd4 4. c3 Bg7 5. cxd4 d5 6. exd5 Nf6 7. Bb5+ Nbd7 8. Nc3 O-O 9. O-O Nb6 10. Bg5 Nfxd5 11. h3 a6 12. Bd3 h6 13. Bh4 Nf4 14. Be4 g5 15. Bg3 Nbd5 16. Re1 Be6 17. Qd2 Re8 18. Rad1 Rc8 19. Bb1 Qa5 20. Nxd5 Qxd2 21. Nxe7+ Rxe7 22. Rxd2 Rd7 23. Bxf4 gxf4 24. Ne5 Rd6 25. Kh2 Rcd8 26. Re4 Bf5 27. Nc4 Bxe4 28. Nxd6 Bxb1 29. Nxb7 Rxd4 0-1


[Site "https://www.chess.com"]

[Event "Titled Tuesday Blitz June 13 Late 2023"]
[White "Rodriguez Santiago, Jaime"]
[Black "dorpato"]
[WhiteFideId "3100898"]
[WhiteElo "2025"]
[BlackElo "2062"]
[Result "1-0"]
[Round "4"]
[TimeControl "180+2"]
[Date "2023.06.13"]
[WhiteClock "0:00:24"]
[BlackClock "0:00:09"]
[Board "183"]

1. c4 c5 2. Nc3 d6 3. g3 g6 4. Bg2 Bg7 5. e4 Nc6 6. Nge2 Nf6 7. d3 O-O 8. O-O Bg4 9. f3 Bd7 10. Be3 e6 11. Qd2 Bc8 12. Bh6 b6 13. Bxg7 Kxg7 14. f4 Bb7 15. h3 Ne7 16. g4 d5 17. cxd5 exd5 18. e5 Nfg8 19. d4 c4 20. f5 f6 21. Nf4 Bc8 22. Nfxd5 Nxd5 23. Nxd5 Rb8 24. exf6+ Nxf6 25. Nxf6 Rxf6 26. fxg6 Rxg6 27. d5 Bb7 28. Qd4+ Kg8 29. Rf5 Qd6 30. Raf1 Rc8 31. h4 a6 32. h5 Rg7 33. Kh1 b5 34. Rf6 Qg3 35. R6f4 Rd8 36. Qf6 Rgd7 37. Qe6+ Kg7 38. h6+ Kh8 39. Rf8+ 1-0


[Site "https://www.chess.com"]

[Event "Titled Tuesday Blitz June 13 Late 2023"]
[White "Dominguez Rincon, Miller Duvan"]
[Black "Sarkar, Justin"]
[WhiteFideId "4406583"]
[BlackFideId "2010011"]
[WhiteElo "1986"]
[BlackElo "2151"]
[Result "0-1"]
[Round "4"]
[TimeControl "180+2"]
[Date "2023.06.13"]
[WhiteClock "0:00:00"]
[BlackClock "0:00:19"]
[Board "184"]

1. e4 e5 2. Nf3 Nc6 3. Bb5 a6 4. Ba4 Nf6 5. O-O Nxe4 6. d4 b5 7. Bb3 d5 8. dxe5 Be6 9. Nbd2 Nc5 10. c3 d4 11. Bxe6 Nxe6 12. cxd4 Ncxd4 13. Ne4 Be7 14. Be3 Nf5 15. Qe2 Nxe3 16. Qxe3 O-O 17. Rfd1 Qc8 18. Nd4 Nxd4 19. Qxd4 Rd8 20. Qc3 Qb7 21. f3 Qb6+ 22. Kh1 c5 23. f4 g6 24. Qf3 Rxd1+ 25. Rxd1 Rd8 26. Rxd8+ Qxd8 27. h3 Qd4 28. Qe2 c4 29. a3 a5 30. Kh2 b4 31. axb4 axb4 32. Qc2 b3 33. Qe2 Kg7 34. Kg3 Ba3 35. Nf6 Bxb2 36. Qg4 Qd3+ 37. Kh2 Qf5 38. Qf3 Bxe5 39. fxe5 Qxf3 40. gxf3 b2 0-1


[Site "https://www.chess.com"]

[Event "Titled Tuesday Blitz June 13 Late 2023"]
[White "Celestino, Rafael Teixeira"]
[Black "Eisa Mohmood, Alkhoori"]
[WhiteFideId "2108925"]
[BlackFideId "9316116"]
[WhiteElo "2274"]
[BlackElo "1364"]
[Result "0-1"]
[Round "4"]
[TimeControl "180+2"]
[Date "2023.06.13"]
[WhiteClock "0:00:23"]
[BlackClock "0:00:19"]
[Board "185"]

1. e4 c5 2. Nf3 d6 3. d4 cxd4 4. Nxd4 Nf6 5. Nc3 g6 6. Bg5 Bg7 7. Qd2 h6 8. Bh4 O-O 9. O-O-O Nc6 10. Be2 Nxd4 11. Qxd4 Be6 12. Qe3 Qa5 13. a3 Rfc8 14. f4 b5 15. Be1 b4 16. Nd5 Nxd5 17. exd5 Qa4 18. Bd3 Bxb2+ 19. Kxb2 Qxa3+ 20. Kb1 Bxd5 21. Bc4 Qxe3 22. Bxd5 Rab8 23. Bd2 Qc5 24. Bb3 a5 25. Bc1 Ra8 26. Rd5 Qc6 27. Rd2 a4 28. Ba2 Rab8 29. Bb2 b3 30. cxb3 axb3 31. Rc1 bxa2+ 32. Kxa2 Rxb2+ 33. Rxb2 Qxc1 34. f5 Ra8+ 35. Kb3 Rb8+ 36. Ka4 Qxb2 37. fxg6 Qb4# 0-1


[Site "https://www.chess.com"]

[Event "Titled Tuesday Blitz June 13 Late 2023"]
[White "Chess_maylovsky"]
[Black "Magallanes, Rey Jomar"]
[BlackFideId "5205948"]
[WhiteElo "2034"]
[BlackElo "2265"]
[Result "1-0"]
[Round "4"]
[TimeControl "180+2"]
[Date "2023.06.13"]
[WhiteClock "0:00:15"]
[BlackClock "0:00:03"]
[Board "186"]

1. c4 e6 2. Nc3 d5 3. cxd5 exd5 4. d4 Nf6 5. Bg5 c6 6. Qc2 Be7 7. e3 O-O 8. Bd3 Nbd7 9. Nge2 Re8 10. O-O Nf8 11. f3 g6 12. Rad1 Ne6 13. Bh4 b5 14. a3 a5 15. Bf2 Bb7 16. e4 dxe4 17. fxe4 Ng4 18. d5 Nxf2 19. dxe6 fxe6 20. Rxf2 Bc5 21. Nc1 Rf8 22. Bf1 Qb6 23. Nd3 Be3 24. e5 Rad8 25. Ne4 Bxf2+ 26. Ndxf2 Rxd1 27. Qxd1 Qc7 28. Nf6+ Kh8 29. N2g4 h5 30. Qd2 Qg7 31. Nf2 c5 32. Bxb5 g5 33. h3 Qg6 34. Bd3 Qg7 35. Be4 Bxe4 36. N2xe4 g4 37. Ng5 Qg6 38. Nxe6 Rc8 39. hxg4 hxg4 40. Qe3 c4 41. Qd4 Qb1+ 42. Kh2 Rc6 43. Qxg4 Rxe6 44. Qg8# 1-0


[Site "https://www.chess.com"]

[Event "Titled Tuesday Blitz June 13 Late 2023"]
[White "Vila Dupla, Aurelio"]
[Black "Burke, Paul"]
[WhiteFideId "2203383"]
[BlackFideId "2605767"]
[WhiteElo "2009"]
[BlackElo "1950"]
[Result "1-0"]
[Round "4"]
[TimeControl "180+2"]
[Date "2023.06.13"]
[WhiteClock "0:00:11"]
[BlackClock "0:00:00"]
[Board "187"]

1. Nf3 a6 2. e4 d6 3. d4 g6 4. Bd3 h6 5. h3 Nd7 6. b3 Bg7 7. Bb2 e5 8. c4 Ne7 9. Bc2 O-O 10. Nc3 f5 11. O-O f4 12. Nd5 c6 13. Nxe7+ Qxe7 14. a4 g5 15. dxe5 dxe5 16. Ba3 c5 17. Qd5+ Kh7 18. Rad1 Rb8 19. Qd6 Qxd6 20. Rxd6 Rf7 21. Rfd1 Bf8 22. R6d5 Bg7 23. a5 Kg6 24. Rd6+ Kh7 25. Bb2 Re7 26. R1d5 b6 27. axb6 Nxb6 28. Rxc5 g4 29. hxg4 Bxg4 30. Nxe5 Be6 31. Nd3 Bxb2 32. Nxb2 Kg7 33. f3 Nd7 34. Rcc6 Nf8 35. Rxa6 Rbe8 36. Nd3 Bc8 37. Rab6 Rf7 38. Rxh6 Be6 39. Rh4 Ng6 40. Rh5 Bc8 41. c5 Rd8 42. c6 Be6 43. c7 Re8 44. Rc6 Bc8 45. b4 1-0


[Site "https://www.chess.com"]

[Event "Titled Tuesday Blitz June 13 Late 2023"]
[White "Sanchez, Robert"]
[Black "Wang, Alexander J"]
[WhiteFideId "2034360"]
[BlackFideId "30955270"]
[WhiteElo "1947"]
[BlackElo "2247"]
[Result "1-0"]
[Round "4"]
[TimeControl "180+2"]
[Date "2023.06.13"]
[WhiteClock "0:01:31"]
[BlackClock "0:00:31"]
[Board "188"]

1. e4 c5 2. d4 cxd4 3. c3 dxc3 4. Nxc3 d6 5. Nf3 Nc6 6. Bc4 e6 7. O-O Nf6 8. Qe2 Be7 9. Rd1 e5 10. h3 O-O 11. Bg5 a6 12. Bxf6 Bxf6 13. Nd5 Be7 14. Rac1 Be6 15. Qd2 Bxd5 16. Bxd5 Rc8 17. a3 Qd7 18. Qe3 Kh8 19. Bxc6 bxc6 20. Nxe5 Qb7 21. Nc4 d5 22. exd5 cxd5 23. Ne5 h6 24. Rxc8 Qxc8 25. Rxd5 Qe6 26. Ng6+ Qxg6 27. Qxe7 Rc8 28. Rd8+ Rxd8 29. Qxd8+ Kh7 30. Qd4 Qb1+ 31. Kh2 f6 32. f3 Qf5 33. Qe4 Qxe4 34. fxe4 Kg6 35. Kg3 Kf7 36. Kf4 Ke6 37. h4 g5+ 38. hxg5 hxg5+ 39. Ke3 Ke5 40. b4 Kd6 41. Kd4 Kc6 42. e5 f5 43. a4 f4 44. Ke4 Kd7 45. Kf5 1-0


[Site "https://www.chess.com"]